 Dungeon Crawl Stone Soup version 0.24.0-13-gcf9b3192b9 (webtiles) character file.

Game seed: 15797413203031023701, levelgen mode: deterministic

86493 Mesmaeker13 the Devastator (level 15, 0/72 HPs)
             Began as a Deep Elf Fire Elementalist on Nov 5, 2019.
             Slain by a large abomination (33 damage)
             ... on level 4 of the Abyss.
             The game lasted 01:07:35 (31159 turns).

Mesmaeker13 the Devastator (DEFE)                  Turns: 31159, Time: 01:07:35

Health: 0/72       AC: 11    Str:  7      XL:     15   Next: 41%
Magic:  42/42      EV: 25    Int: 28 (30) God:
Gold:   1397       SH:  8    Dex: 16      Spells: 20/38 levels left

rFire    + . .     SeeInvis +   S - +0 rapier of Mayhem {pierce, rF+ rC+ MP+9 Int+3}
rCold    + . .     Gourm    .   I - +1 buckler {rPois}
rNeg     . . .     Faith    .   t - +2 troll leather armour {Snorg}
rPois    +         Spirit   .   s - +1 hat
rElec    .         Reflect  +   A - +1 cloak
rCorr    .         Harm     .   (no gloves)
MR       +....     Rnd*Tele +   l - +0 pair of boots
Stlth    ++........             a - amulet of Equilibrium {Reflect Int+3 SH+2}
HPRegen  0.62/turn              m - ring of see invisible
MPRegen  0.28/turn              q - +4 ring of evasion

@: no status effects
A: teleportitis 1
a: no special abilities


You were on level 4 of the Abyss.
You were not hungry.

You visited 2 branches of the dungeon, and saw 21 of its levels.
You visited the Abyss 1 time.

You collected 1397 gold pieces.

Inventory:

Hand Weapons
 d - a +9 demon trident
 S - the +0 rapier of Mayhem (weapon) {pierce, rF+ rC+ MP+9 Int+3}
   (You took it off a meliai on level 12 of the Dungeon)

   It inflicts extra damage upon your enemies.
   It affects your intelligence (+3).
   It protects you from fire.
   It protects you from cold.
   It affects your magic capacity (+9).
Missiles
 r - 2 datura-tipped darts
 v - a throwing net (quivered)
Armour
 i - the +10 plate armour "Geerauto" {Str+2, unknown}
   (You acquired it on level 13 of the Dungeon)

   It affects your strength (+2).
 l - a +0 pair of boots (worn)
 s - a +1 hat (worn)
 t - a +2 troll leather armour (worn) {Snorg}
 A - a +1 cloak (worn)
 I - a +1 buckler of poison resistance (worn)
 J - a +0 shield
Magical Staves
 T - an uncursed staff of fire
Jewellery
 a - the amulet of Equilibrium (around neck) {Reflect Int+3 SH+2}
   (You acquired it on level 13 of the Dungeon)

   [amulet of reflection]

   It shields you and reflects attacks.
   It affects your intelligence (+3).
   It affects your SH (+2).
 m - a ring of see invisible (left hand)
 q - a +4 ring of evasion (right hand)
 z - an uncursed ring of resist corrosion
 H - an uncursed amulet of regeneration
Wands
 b - a wand of acid (9)
 p - a wand of iceblast (8)
 x - a wand of paralysis (8)
 O - a wand of disintegration (10)
Scrolls
 g - a scroll of fear
 h - a scroll of enchant armour
 j - 2 scrolls of enchant weapon
 k - 9 scrolls of teleportation
 o - 2 scrolls of blinking
 u - 7 scrolls of remove curse
 y - 2 scrolls of magic mapping
 U - a scroll of amnesia
Potions
 e - 3 potions of brilliance
 f - 7 potions of curing
 w - a potion of might
 B - 4 potions of ambrosia
 D - 3 potions of mutation
 E - a potion of agility {unknown}
 F - 3 potions of heal wounds
 L - a potion of resistance {unknown}
 M - 3 potions of berserk rage
 N - a potion of magic {unknown}
 Q - 2 potions of flight {unknown}
 R - a potion of degeneration {unknown}
Miscellaneous
 G - a lightning rod (4/4)
 V - a phial of floods
Comestibles
 c - 27 rations


   Skills:
 + Level 4.1 Armour
 - Level 13.5 Dodging
 - Level 2.4 Stealth
 + Level 4.7 Shields
 - Level 12.0 Spellcasting
 + Level 15.7 Conjurations
 + Level 8.7 Summonings
 - Level 14.0 Fire Magic
 - Level 8.2 Air Magic


You had 20 spell levels left.
You knew the following spells:

 Your Spells              Type           Power        Failure   Level  Hunger
a - Flame Tongue          Conj/Fire      #####        0%          1    None
b - Conjure Flame         Conj/Fire      #######.     1%          3    None
c - Sticky Flame          Conj/Fire      #######.     1%          4    None
d - Mephitic Cloud        Conj/Pois/Air  ######..     1%          3    None
e - Fireball              Conj/Fire      #######...   1%          5    ###....
f - Call Imp              Summ           ######..     1%          2    None

Your spell library contained the following spells:

 Spells                   Type           Power        Failure   Level  Hunger
 Magic Dart               Conj           ####         0%          1    None
 Throw Flame              Conj/Fire      ######       0%          2    None
 Shock                    Conj/Air       ####         1%          1    None
 Summon Butterflies       Summ           ######..     1%          1    None
 Swiftness                Chrm/Air       #####...     1%          2    None
 Dazzling Spray           Conj/Hex       ######       1%          3    None
 Inner Flame              Hex/Fire       ######..     1%          3    None
 Static Discharge         Conj/Air       ######..     1%          3    None
 Airstrike                Air            ######....   1%          4    None
 Lightning Bolt           Conj/Air       ######....   1%          5    ###....
 Apportation              Tloc           ###...       4%          1    None
 Confusing Touch          Hex            ###...       4%          1    None
 Corona                   Hex            ###....      4%          1    None
 Infusion                 Chrm           ###.         4%          1    None
 Blink                    Tloc           N/A          7%          2    None
 Ensorcelled Hibernation  Hex/Ice        ###...       7%          2    None
 Shroud of Golubria       Chrm/Tloc      ###...       7%          2    None
 Slow                     Hex            ###.....     7%          2    None
 Song of Slaying          Chrm           ###.....     7%          2    None
 Confuse                  Hex            ###.....     14%         3    None
 Gell's Gravitas          Tloc           ###.......   14%         3    None
 Lesser Beckoning         Tloc           ###.......   14%         3    None
 Portal Projectile        Hex/Tloc       ###...       14%         3    None
 Regeneration             Chrm/Necr      ###.......   14%         3    None
 Spectral Weapon          Hex/Chrm       ###.....     14%         3    None
 Tukima's Dance           Hex            ###.....     14%         3    None
 Cause Fear               Hex            ###.......   43%         4    None
 Leda's Liquefaction      Hex/Erth       ###.......   43%         4    None
 Petrify                  Tmut/Erth      ###.....     43%         4    None
 Alistair's Intoxication  Tmut/Pois      ###.....     78%         5    ###....
 Metabolic Englaciation   Hex/Ice        ###.......   78%         5    ###....
 Yara's Violent Unravell  Hex/Tmut       ###.......   78%         5    ###....
 Invisibility             Hex            ###.....     100%        6    #####..


Dungeon Overview and Level Annotations

Branches:
Dungeon (15/15)            Temple (0/1) D:5            Lair (6/6) D:8
  Swamp (0/4) Lair:4       Spider (0/4) Lair:3        Slime (0/5) Lair:5
    Orc (0/2) D:10         Vaults (0/5) D:14
 Depths: D:15

Altars:
Fedhas
Nemelex Xobeh
Okawaru
Ru
Zin
Jiyva

Shops:
D:4 :   D:9 (

Annotations:
D:10 3 runed translucent doors, Hicwag's ghost, journeyman GrFi
D:13 2 transporters, stickyfingers's ghost, journeyman HOGl
D:14 Azrael; Louise
Lair:5 3 runed translucent doors, Qeimiotua's ghost, journeyman MiFi


Innate Abilities, Weirdness & Mutations

You are occasionally teleported next to monsters.


Message History

A bone dragon comes into view.
The smoke demon roars!
The ynoxinul bellows! 2 large abominations come into view.
The smoke demon gestures at you.
The sticky flame hits you but does no damage.
You resist.
You are covered in liquid flames!
You are covered in liquid flames!
The ynoxinul gestures.
You are covered in liquid flames!
Okay, then.
You are covered in liquid flames!
A large abomination comes into view.
You barely miss the large abomination. The large abomination hits you!
The bone dragon bites you! You block the bone dragon's attack.
The bone dragon tramples you!
You hold your ground!
A small abomination comes into view.
The large abomination barely misses you.
The large abomination hits you!!
You die...

..####.##.#.#.##
....................
#...................
#...................
#..................#
# ..................
#...................
#...#..553D.@.......
#..........X.x......
##....X3#######.#....
#......## #.....
##...5## #.... ..5 #
.... #..X.# ... #..
.# .. #... #


You could see a bone dragon, 2 large abominations, a smoke demon, a ynoxinul, a
small abomination and 2 ufetubi.

Vanquished Creatures
  Gastronok (Lair:3)
  2 dire elephants (Lair:6)
  Snorg (D:11)
  Josephine (Lair:6)
  Harold (D:7)
  Erica (Lair:2)
  2 centaur warriors (D:13)
  8 hydras
  2 death knights
  3 catoblepae
  A tengu warrior (D:12)
  An ogre mage (D:13)
  10 two-headed ogres
  3 death yaks (Lair:6)
  Urug (Lair:3)
  Nergalle (Lair:1)
  3 skeletal warriors
  3 unseen horrors
  A swamp dragon (Lair:4)
  A phantasmal warrior (D:14)
  An orb spider (Lair:3)
  3 ugly things
  2 deep elf magi
  3 manticores
  A cyclops (D:12)
  21 elephants
  A torpor snail (Lair:5)
  6 black mambas
  3 gargoyles
  10 spiny frogs
  A rime drake (Lair:6)
  3 kobold demonologists
  A freezing wraith (D:13)
  6 komodo dragons
  10 trolls
  3 meliai
  9 blink frogs
  A hornet (D:12)
  13 dream sheep
  Prince Ribbit (D:8)
  14 hippogriffs
  A spriggan (D:7)
  A shadow (D:13)
  5 wraiths
  3 wyverns
  70 yaks
  3 basilisks
  A steam dragon (D:9)
  A hungry ghost (D:13)
  Duvessa (D:5)
  2 soldier ants
  2 hell hounds
  13 water moccasins
  12 porcupines
  3 black bears
  4 sky beasts
  6 ice beasts
  5 phantoms
  13 orc warriors
  7 centaurs
  18 ogres
  3 wolves (Lair:1)
  10 crocodiles
  5 big kobolds
  23 bullfrogs
  3 gnoll sergeants
  A water moccasin zombie (D:5)
  2 wyvern skeletons (D:12)
  3 scorpions
  Dowan (D:5)
  3 howler monkeys
  6 crimson imps
  A bullfrog zombie (D:5)
  2 centaur zombies
  2 quasits
  2 centaur skeletons
  7 hounds
  4 jellies
  2 bullfrog skeletons
  A gnoll shaman (D:5)
  12 orc priests
  19 orc wizards
  5 iguanas
  9 worker ants
  2 hound skeletons
  A worker ant zombie (D:10)
  22 gnolls
  A howler monkey skeleton (D:5)
  16 adders
  3 shadow imps
  2 oozes
  An adder zombie (D:5)
  9 worms
  4 dart slugs
  13 leopard geckos
  63 orcs
  7 bats
  7 giant cockroaches
  10 goblins
  5 hobgoblins
  14 jackals
  4 quokkas
  2 ball pythons
  4 frilled lizards
  13 kobolds
  A leopard gecko skeleton (D:9)
  A quokka skeleton (D:6)
  A quokka zombie (D:5)
  8 rats
  4 fungi
  2 plants (Lair:6)
677 creatures vanquished.

Vanquished Creatures (others)
  An orc (D:9)
  24 fungi
  4 plants
29 creatures vanquished.

Grand Total: 706 creatures vanquished

Notes
Turn   | Place    | Note
-------+----------+-------------------------------------------
     0 | D:1      | Mesmaeker13 the Deep Elf Fire Elementalist began the quest
                  | for the Orb.
     0 | D:1      | Reached XP level 1. HP: 10/10 MP: 6/6
   173 | D:1      | Reached XP level 2. HP: 15/15 MP: 6/8
   670 | D:1      | Reached XP level 3. HP: 19/19 MP: 5/10
   889 | D:1      | Reached skill level 2 in Conjurations
  1062 | D:2      | Learned a level 3 spell: Conjure Flame
  1222 | D:2      | Noticed a gnoll sergeant
  1759 | D:2      | Reached XP level 4. HP: 24/24 MP: 9/11
  2601 | D:3      | Reached XP level 5. HP: 28/28 MP: 9/13
  2616 | D:3      | Reached skill level 3 in Conjurations
  3623 | D:3      | Reached XP level 6. HP: 32/32 MP: 10/15
  3849 | D:3      | Learned a level 4 spell: Sticky Flame
  4111 | D:2      | Reached skill level 5 in Spellcasting
  4999 | D:4      | Reached skill level 5 in Fire Magic
  5416 | D:4      | Reached skill level 4 in Conjurations
  5416 | D:4      | Reached XP level 7. HP: 36/36 MP: 14/17
  5430 | D:4      | Reached skill level 1 in Shields
  5529 | D:4      | Found a glowing silver altar of Zin.
  5605 | D:4      | Found Bunk's Book Boutique.
  5995 | D:4      | Found a sparkling altar of Nemelex Xobeh.
  6254 | D:5      | Entered Level 5 of the Dungeon
  6286 | D:5      | Found a staircase to the Ecumenical Temple.
  6454 | D:5      | Reached skill level 5 in Conjurations
  6563 | D:5      | Reached XP level 8. HP: 34/41 MP: 10/20
  7358 | D:5      | Noticed Dowan
  7359 | D:5      | Noticed Duvessa
  7725 | D:5      | Killed Dowan
  7795 | D:5      | Learned a level 3 spell: Mephitic Cloud
  7845 | D:5      | Killed Duvessa
  7916 | D:5      | Found a blossoming altar of Fedhas.
  8061 | D:6      | Reached skill level 6 in Conjurations
  8827 | D:6      | Reached XP level 9. HP: 45/45 MP: 16/23
  9772 | D:7      | Noticed Harold
  9806 | D:7      | Killed Harold
  9806 | D:7      | Reached skill level 7 in Conjurations
 10351 | D:7      | Reached skill level 8 in Conjurations
 10984 | D:8      | Reached skill level 10 in Spellcasting
 11105 | D:8      | Reached XP level 10. HP: 50/50 MP: 23/26
 11154 | D:8      | Noticed Prince Ribbit
 11163 | D:8      | Killed Prince Ribbit
 11450 | D:8      | Found a staircase to the Lair.
 11966 | D:9      | Reached skill level 9 in Conjurations
 12141 | D:9      | Noticed a two-headed ogre
 12307 | D:8      | Reached skill level 10 in Fire Magic
 12384 | D:9      | Noticed a two-headed ogre
 12393 | D:9      | Killed a two-headed ogre
 12713 | D:9      | Found Dahoett's Weapon Emporium.
 12748 | D:9      | Killed a two-headed ogre
 12748 | D:9      | Reached skill level 10 in Conjurations
 12784 | D:9      | Reached XP level 11. HP: 54/54 MP: 21/29
 12989 | D:9      | Reached skill level 5 in Dodging
 12989 | D:9      | Reached skill level 1 in Air Magic
 13535 | D:10     | Entered Level 10 of the Dungeon
 13548 | D:10     | Learned a level 5 spell: Fireball
 13862 | D:10     | Found a runed translucent gate.
 13862 | D:10     | Found a runed translucent gate.
 13862 | D:10     | Found a runed translucent gate.
 13862 | D:10     | Noticed Hicwag's ghost (journeyman GrFi)
 13869 | D:10     | Noticed a deep troll
 13942 | D:10     | Found a staircase to the Orcish Mines.
 14753 | Lair:1   | Entered Level 1 of the Lair of Beasts
 15142 | Lair:1   | Noticed Nergalle
 15147 | Lair:1   | Killed Nergalle
 15341 | Lair:1   | Reached skill level 11 in Conjurations
 15936 | Lair:2   | Noticed Erica
 15944 | Lair:2   | Killed Erica
 16280 | Lair:1   | Reached XP level 12. HP: 59/59 MP: 23/30
 16436 | Lair:2   | Reached skill level 5 in Air Magic
 16850 | Lair:2   | Noticed a five-headed hydra
 16855 | Lair:2   | Killed a five-headed hydra
 17353 | Lair:2   | Reached skill level 12 in Conjurations
 17650 | Lair:3   | Noticed Gastronok
 18000 | Lair:3   | Killed Gastronok
 18132 | Lair:3   | Noticed Urug
 18156 | Lair:3   | Killed Urug
 18395 | Lair:3   | Found a hole to the Spider Nest.
 18863 | Lair:4   | Noticed a six-headed hydra
 19064 | Lair:4   | Found a staircase to the Swamp.
 19075 | Lair:3   | Reached skill level 10 in Dodging
 19075 | Lair:3   | Reached XP level 13. HP: 23/63 MP: 20/31
 20276 | Lair:5   | Found a runed translucent gate.
 20276 | Lair:5   | Found a runed translucent gate.
 20276 | Lair:5   | Found a runed translucent gate.
 20276 | Lair:5   | Noticed Qeimiotua's ghost (journeyman MiFi)
 20318 | Lair:5   | Reached skill level 13 in Conjurations
 20809 | Lair:5   | Found a viscous altar of Jiyva.
 20809 | Lair:5   | Found a staircase to the Slime Pits.
 22227 | Lair:6   | Entered Level 6 of the Lair of Beasts
 22861 | Lair:6   | Learned a level 2 spell: Call Imp
 22940 | Lair:6   | Found an iron altar of Okawaru.
 22960 | Lair:6   | Noticed Josephine
 22965 | Lair:6   | Killed Josephine
 22965 | Lair:6   | Reached skill level 1 in Summonings
 23264 | Lair:6   | Reached XP level 14. HP: 68/68 MP: 18/32
 23348 | Lair:6   | Learned a level 2 spell: Call Imp
 23519 | Lair:6   | Reached skill level 14 in Conjurations
 25061 | Lair:6   | Reached skill level 5 in Summonings
 26437 | D:11     | Noticed Snorg
 26441 | D:11     | Killed Snorg
 26750 | D:12     | Reached skill level 15 in Conjurations
 26878 | D:12     | Found a runed translucent door.
 26933 | D:12     | Found a runed translucent door.
 26957 | D:12     | Reached skill level 1 in Armour
 27134 | D:12     | Found a sacrificial altar of Ru.
 27144 | D:12     | Found a gate leading to a gauntlet.
 28120 | D:12     | Reached XP level 15. HP: 70/72 MP: 17/33
 28857 | D:13     | Identified the cursed +0 rapier of Mayhem {pierce, rF+ rC+
                  | MP+9 Int+3}
 29847 | D:14     | Noticed Azrael
 30050 | D:13     | Identified 2 scrolls of acquirement
 30053 | D:13     | Got an encrusted plate armour
 30057 | D:13     | Got a scintillating emerald amulet
 30059 | D:13     | Identified the amulet of Equilibrium {Reflect Int+3 SH+2}
                  | (You acquired it on level 13 of the Dungeon)
 30150 | D:13     | Got a smoking whip
 30151 | D:13     | Identified the cursed +1 whip of Gehenna {slash, rElec}
                  | (You found it on level 13 of the Dungeon)
 30203 | D:13     | Noticed stickyfingers's ghost (journeyman HOGl)
 30222 | D:13     | Found a transporter.
 30226 | D:13     | Found a transporter.
 30666 | D:15     | Entered Level 15 of the Dungeon
 30871 | D:14     | Found a gate to the Vaults.
 30936 | D:14     | Noticed Louise
 31073 | D:14     | Cast into level 3 of the Abyss (Louise)
 31080 | Abyss:4  | Found a corrupted altar of Lugonu.
 31110 | Abyss:4  | Gained mutation: You are occasionally teleported next to
                  | monsters. [a neqoxec]
 31122 | Abyss:4  | Found a corrupted altar of Lugonu.
 31143 | Abyss:4  | Noticed a bone dragon
 31159 | Abyss:4  | Slain by a large abomination

Levels and vault maps discovered:
D:1:      evilmike_arrival_crescent, layout_rooms
D:2:      minmay_angry_zag, layout_loops_corners, nrook_mini_vaults
D:3:      layout_basic, interstate_on_off, grunt_ministairs_4
D:4:      layout_basic, kennysheep_mini_moat, first_ration, serial_shops, shop,
          nemelex_dance_club_becter
D:5:      layout_gridville, minmay_temple_entry_large_hall,
          fedhas_altar_fruit_tree, uniq_duvessa
D:6:      layout_loops_ring, minmay_misc_feat_rugged,
          corexii_item_surrounded_by_moat
D:7:      layout_basic, the_bakery, minmay_lizard_king, uniq_harold
D:8:      layout_gridville, due_lair_maze_entry_diamond, uniq_prince_ribbit1
D:9:      layout_long_grid, serial_shops, shop
D:10:     layout_irregular_city, kennysheep_orc_monster_closet_entryway,
          gammafunk_ghost_split, minmay_fountain_box
D:11:     layout_roguey, minmay_unpleasant_kobolds, uniq_snorg
D:12:     cheibrodos_histonic, layout_small_grid, gauntlet_entry_generic,
          nicolae_ru_path_of_blood
D:13:     layout_rooms, gammafunk_ghost_hive, special_room [special_room_orc]
D:14:     layout_irregular_city, erik_vaults_1, minmay_staircase_windowed_large,
          uniq_azrael, uniq_roxanne, uniq_louise
D:15:     grunt_enter_depths_magical_seal, layout_long_grid, basic_altar,
          serial_rivers, chequers_serial_rivers_small_b,
          chequers_serial_rivers_room_b, chequers_serial_rivers_micro_e,
          chequers_serial_rivers_micro_d, chequers_serial_rivers_large_a
Lair:1:   layout_roguey, infiniplex_staircase_pool, uniq_nergalle
Lair:2:   layout_big_grid, beast_lair_carwin_6, uniq_erica
Lair:3:   layout_cave_shapes, nicolae_spider_entry_orb_guardian, uniq_urug,
          uniq_gastronok
Lair:4:   layout_concentric_octagons, minmay_swamp_entry_reptiles,
          lemuel_fruit_fields
Lair:5:   beast_lair_carwin_large_1, layout_cave_shapes, slime_altar_1,
          gammafunk_ghost_split
Lair:6:   hangedman_lair_in_review, layout_regular_city, basic_altar,
          grunt_megastairs_1, uniq_josephine
Abyss:4:  small_statue_intersection, dshaligram_kb_abyss_rune_zappy_water_cross,
          minivault_27, evilmike_abyss_exit_10, evilmike_abyss_exit_10,
          evilmike_abyss_exit_vortex, grunt_abyss_rune_wretched_hive,
          hangedman_illusive_loot, hangedman_grunt_abyss_rune_horror_hoard,
          due_exit_kobolds

Skill      XL: |  1  2  3  4  5  6  7  8  9 10 11 12 13 14 15 |
---------------+----------------------------------------------+-----
Dodging        | 3 4 7 10 12 13 | 13.5
Conjurations   | 2 3 4 5 6 8 10 11 12 13 15 | 15.7
Spellcasting   | 4 5 6 8 10 12 | 12.0
Fire Magic     | 4 5 6 7 8 10 11 12 14 | 14.0
Shields        | 2 3 4 |  4.7
Air Magic      | 4 7 8 |  8.2
Summonings     | 2 7 8 |  8.7
Armour         | 2 4 |  4.1
Stealth        | |  2.4

Action                   |  1- 3 |  4- 6 |  7- 9 | 10-12 | 13-15 || total
-------------------------+-------+-------+-------+-------+-------++-------
Melee: Dagger            |     5 |    24 |    26 |       |       ||    55
       Morningstar       |       |       |    76 |   132 |    55 ||   263
       Staff             |       |       |       |       |    66 ||    66
       Demon trident     |       |       |       |       |    30 ||    30
       Rapier            |       |       |       |       |    24 ||    24
Throw: Dart              |       |       |     4 |       |       ||     4
       Throwing net      |       |       |     1 |     1 |       ||     2
 Cast: Flame Tongue      |    59 |   147 |   294 |   287 |   342 ||  1129
       Conjure Flame     |       |     1 |       |       |       ||     1
       Sticky Flame      |       |     1 |    13 |    82 |   158 ||   254
       Mephitic Cloud    |       |       |     2 |     9 |     4 ||    15
       Fireball          |       |       |       |    52 |   186 ||   238
       Call Imp          |       |       |       |       |     1 ||     1
Evoke: Wand              |       |     2 |     9 |    13 |     2 ||    26
       Phial of floods   |       |       |       |       |     1 ||     1
  Use: Scroll            |       |     6 |     7 |     6 |    21 ||    40
       Potion            |       |       |     1 |     5 |     3 ||     9
 Stab: Confused          |       |       |     1 |     2 |       ||     3
       Sleeping          |       |       |     1 |       |     1 ||     2
       Distracted        |       |       |       |       |     1 ||     1
  Eat: Chunk             |     1 |     7 |    17 |    27 |    39 ||    91
       Ration            |     1 |     1 |       |     2 |     5 ||     9
Armor: Robe              |    14 |     3 |    22 |    15 |    21 ||    75
       Troll leather arm |       |       |       |    23 |    43 ||    66
       Leather armour    |       |       |       |     7 |       ||     7
Dodge: Dodged            |    24 |    55 |   153 |   248 |   432 ||   912
Block: Buckler           |       |       |    79 |    96 |   165 ||   340
       Reflection        |       |       |       |       |     2 ||     2
